 Dungeon Crawl Stone Soup version 0.28.0-43-g3370ac3207 (webtiles) character file.

Game seed: 10613561384354110984

42 rabbitsville the Stinger (level 3, 24/24 HPs)
             Began as a Formicid Venom Mage on Feb 28, 2022.
             Was an Initiate of Yredelemnul.
             Quit the game on level 2 of the Dungeon.
             The game lasted 00:13:50 (1286 turns).

rabbitsville the Stinger (Formicid Venom Mage)      Turns: 1286, Time: 00:13:51

Health: 24/24      AC:  3    Str: 12    XL:     3   Next: 77%
Magic:  7/7        EV: 12    Int: 22    God:    Yredelemnul [......]
Gold:   61         SH:  0    Dex: 11    Spells: 6/7 levels left

rFire   . . .      SeeInvis +   f - staff of poison
rCold   . . .      Faith    .   (no shield)
rNeg    . . .      Spirit   .   a - +0 robe
rPois   +          Reflect  .   (helmet unavailable)
rElec   .          Harm     .   (no cloak)
rCorr   .          Rampage  .   (no gloves)
Will    .....                   e - +0 pair of boots
Stlth   ++........              (no amulet)
HPRegen 0.08/turn               j - +6 ring of intelligence
MPRegen 0.10/turn               (no ring)

@: no status effects
A: permanent stasis, dig shafts and tunnels, antennae 3, four strong arms
a: Dig, Shaft Self, Renounce Religion, Recall Undead Harvest


You were on level 2 of the Dungeon.
You worshipped Yredelemnul.
Yredelemnul was noncommittal.
You visited 1 branch of the dungeon, and saw 2 of its levels.

You collected 61 gold pieces.

Inventory:

Hand Weapons
 b - a +0 dagger
Missiles
 g - 5 boomerangs
Armour
 a - a +0 robe (worn)
 e - a +0 pair of boots (worn)
Magical Staves
 f - a staff of poison (weapon)
Jewellery
 j - a +6 ring of intelligence (left hand)
Scrolls
 c - 2 scrolls of identify {unknown}
 h - a scroll of amnesia {unknown}
 i - a scroll of fog {unknown}
Potions
 d - a potion of curing {unknown}


   Skills:
 - Level 1.7 Dodging
 - Level 2.4 Stealth
 + Level 2.8 Spellcasting
 + Level 0.5 Necromancy
 - Level 1.1 Transmutations
 * Level 5.3 Poison Magic


You had 6 spell levels left.
You knew the following spells:

 Your Spells              Type           Power      Damage    Failure   Level
a - Sting                 Tmut/Pois      100%       1d8       3%          1

Your spell library contained the following spells:

 Spells                   Type           Power      Damage    Failure   Level
 Poisonous Vapours        Pois/Air       44%        N/A       6%          2
 Olgreb's Toxic Radiance  Pois           39%        N/A       14%         4
 Mephitic Cloud           Conj/Pois/Air  16%        N/A       19%         3
 Animate Dead             Necr           2%         N/A       71%         4
 Borgnjor's Vile Clutch   Necr/Erth      2%         N/A       97%         5
 Death Channel            Necr           Unusable   N/A       N/A         6

Dungeon Overview and Level Annotations

Branches:
Dungeon (2/15)

Altars:
Yredelemnul


Innate Abilities, Weirdness & Mutations

You cannot be hasted, slowed, berserked, paralysed or teleported.
You can dig through walls and to a lower floor.
You have a pair of large antennae on your head. (SInv)
Your four strong arms can wield two-handed weapons with a shield.


Message History

Found an escape hatch in the floor.
Found an escape hatch in the ceiling.
There is an escape hatch in the floor here.
Found 11 gold pieces.
You now have 61 gold pieces (gained 11).
You swap places.
You swap places.
A bat comes into view.
Found 8 gold pieces.
You barely miss the bat. The bat closely misses you.
The bat hits you but does no damage.
The bat closely misses you. x2; The bat misses you.
You barely miss the bat. Your punch misses the bat. The bat closely misses you.
The bat hits you but does no damage. The bat closely misses you.
The bat hits your giant cockroach zombie.
The bat hits your giant cockroach zombie. x2
Your giant cockroach zombie bites the bat but does no damage.
The bat completely misses your giant cockroach zombie.
The bat hits your giant cockroach zombie but does no damage. x2
Your giant cockroach zombie closely misses the bat.
The bat barely misses your giant cockroach zombie.
The bat barely misses your giant cockroach zombie.
The bat hits your giant cockroach zombie but does no damage.
Your giant cockroach zombie misses the bat.
The bat barely misses your giant cockroach zombie.
You swap places.
The bat barely misses your giant cockroach zombie.
The bat closely misses your giant cockroach zombie.
Your giant cockroach zombie bites the bat but does no damage.
The bat hits your giant cockroach zombie.
You swap places.
The bat hits you but does no damage.
You closely miss the bat. The bat closely misses you.
The bat hits you but does no damage. The bat hits you but does no damage.
A gnoll comes into view. It is wielding a +0 halberd.
The gnoll shouts!
The bat hits you but does no damage.
A gnoll comes into view. It is wielding a +0 club.
Okay, then.
Are you sure you want to abandon this character and quit the game? (Confirm with "yes".)

#.# #..# #.##.#
#.# ...###.##.#
#.# ###.##..##.# #
#.#
#........#####.##
#.#
#####.##..........
#.# #.....
##.#####.## #.#
#.#### #.# # #.# {
#..######.# #.#
#@ZZ......# #.#
#b.##.###### #.#
#.#.###.# ######.#
#.##.. ...
.......# ... ...
.### ######## ###
..## ## ##g#{ #g.
{


You could see 2 gnolls, a bat (ally target), a friendly adder zombie and a
friendly giant cockroach zombie.

Vanquished Creatures
  An adder (D:2)
  An orc (D:2)
  2 bats (D:1)
  2 giant cockroaches
  2 goblins
  2 hobgoblins (D:1)
  A quokka (D:2)
  2 ball pythons (D:1)
  A frilled lizard (D:1)
  2 rats (D:1)
16 creatures vanquished.

Vanquished Creatures (collateral kills)
  2 endoplasms (D:1)
  A giant cockroach (D:1)
  2 goblins (D:1)
  A hobgoblin (D:1)
  2 jackals (D:2)
  A quokka (D:1)
  A bat (D:1)
  A frilled lizard (D:2)
11 creatures vanquished.

Grand Total: 27 creatures vanquished

Notes
Turn   | Place    | Note
-------+----------+-------------------------------------------
     0 | D:1      | rabbitsville the Formicid Venom Mage began the quest for
                  | the Orb.
     0 | D:1      | Reached XP level 1. HP: 13/13 MP: 3/3
   268 | D:1      | Reached XP level 2. HP: 18/19 MP: 0/5
   433 | D:1      | Found a faded altar of an unknown god.
   448 | D:1      | Prayed at the altar of an unknown god.
   448 | D:1      | Became a worshipper of Yredelemnul the Dark
   448 | D:1      | Reached * piety under Yredelemnul
   687 | D:1      | Reached ** piety under Yredelemnul
   687 | D:1      | Reached XP level 3. HP: 17/24 MP: 4/6
   690 | D:1      | Reached skill level 5 in Poison Magic
  1286 | D:2      | Quit the game

Illustrated notes

Levels and vault maps discovered:
D:1:      beargit_arrival_diablo_church, layout_basic,
          shapermc_ecumenical_altar_venn
D:2:      layout_loops_ring, small_statue_intersection, minmay_cut_off,
          uniq_sigmund

Skill      XL: |  1  2  3 |
---------------+----------+-----
Poison Magic   | 5 |  5.3
Dodging        | |  1.7
Stealth        | |  2.4
Spellcasting   | |  2.8
Necromancy     | |  0.5
Transmutations | |  1.1

Action                   || total
-------------------------++-------
Melee: Unarmed           ||     4
       Dagger            ||     5
       Staff             ||    16
 Cast: Sting             ||    30
Invok: Recall Undead Har ||     1
Armor: Robe              ||    11
Dodge: Dodged            ||    26
